 Dungeon Crawl Stone Soup version 0.27.1-4-g1640c2035a (webtiles) character file.

Game seed: 16423881624353795131

3989 DearestLeader the Tainter (level 10, -1/66 HPs)
             Began as an Octopode Venom Mage on Oct 27, 2021.
             Was an Initiate of Ru.
             Slain by a wight (17 damage)
             ... on level 9 of the Dungeon on Nov 1, 2021.
             The game lasted 00:26:45 (10061 turns).

DearestLeader the Tainter (Octopode Venom Mage)    Turns: 10061, Time: 00:26:46

Health: -1/66      AC:  1    Str:  8    XL:     10   Next: 22%
Magic:  4/16       EV: 17    Int: 29    God:    Ru [......]
Gold:   164        SH:  0    Dex: 24    Spells: 3/17 levels left

rFire    . . .     SeeInvis .   y - +11 trident of Satyriasis {speed, rPois rN+ Int+4 Dex+4}
rCold    . . .     Faith    .   (no shield)
rNeg     + . .     Spirit   .   (helmet restricted)
rPois    +         Reflect  .   k - amulet of regeneration
rElec    .         Harm     .   i - +6 ring of dexterity
rCorr    .         Rampage  .   o - ring of willpower
Will     +....                  x - +6 ring of intelligence
Stlth    +++++.....             (no ring)
HPRegen  1.21/turn              (no ring)
MPRegen  0.15/turn              (no ring)
                                (no ring)
                                (no ring)

@: no status effects
A: almost no armour, amphibious, 8 rings, camouflage 1, gelatinous body 1,
missing an eye, (nimble swimmer 1), tentacles
a: Renounce Religion


You were on level 9 of the Dungeon.
You worshipped Ru.
Ru was noncommittal.
You visited 2 branches of the dungeon, and saw 10 of its levels.
You also visited: Sewer.

You collected 544 gold pieces.
You spent 380 gold pieces at shops.

Inventory:

Hand Weapons
 m - a +1 dagger of venom
 y - the +11 trident of Satyriasis (weapon) {speed, rPois rN+ Int+4 Dex+4}
   (You bought it in a shop on level 3 of the Dungeon)

   Attacks with this weapon are significantly faster.
   Int:       It affects your intelligence (+4).
   Dex:       It affects your dexterity (+4).
   rPois:     It protects you from poison.
   rN:        It protects you from negative energy.
Missiles
 g - 75 poisoned darts
 r - 9 curare-tipped darts (quivered)
Magical Staves
 u - a staff of conjuration
Jewellery
 i - a +6 ring of dexterity (left tentacle)
 k - an amulet of regeneration (around mantle)
 o - a ring of willpower (right tentacle)
 x - a +6 ring of intelligence (on tentacle)
 E - a ring of positive energy
Wands
 v - a wand of iceblast (9)
Scrolls
 a - 2 scrolls of blinking
 b - 3 scrolls of enchant weapon
 c - 3 scrolls of teleportation
 f - 2 scrolls of fog {unknown}
 h - a scroll of enchant armour {unknown}
 j - a scroll of magic mapping
 n - 2 scrolls of immolation
 s - 3 scrolls of amnesia
 w - a scroll of vulnerability {unknown}
 B - a scroll of summoning
 D - a scroll of silence {unknown}
 F - a scroll of identify
Potions
 d - a potion of cancellation {unknown}
 e - a potion of brilliance
 l - a potion of flight
 p - 3 potions of curing
 q - a potion of berserk rage {unknown}
 t - a potion of invisibility {unknown}
 z - a potion of magic {unknown}
 A - 2 potions of heal wounds
 C - a potion of haste {unknown}


   Skills:
 - Level 5.0 Fighting
 - Level 1.7 Short Blades
 * Level 4.6 Polearms
 + Level 5.5 Dodging
 + Level 6.8 Stealth
 + Level 4.3 Spellcasting
 + Level 3.2 Conjurations
 - Level 1.0 Transmutations
 * Level 1.4 Ice Magic
 * Level 10.8 Poison Magic


You had 3 spell levels left.
You knew the following spells:

 Your Spells              Type           Power      Damage    Failure   Level
a - Sting                 Tmut/Pois      100%       1d8       1%          1
b - Mephitic Cloud        Conj/Pois/Air  33%        N/A       3%          3
c - Olgreb's Toxic Radia  Pois           62%        N/A       1%          4
d - Ignite Poison         Fire/Tmut/Pois 29%        N/A       4%          3
e - Ozocubu's Armour      Ice            14%        N/A       12%         3

Your spell library contained the following spells:

 Spells                   Type           Power      Damage    Failure   Level
 Poisonous Vapours        Pois/Air       74%        N/A       1%          2
 Wereblood                Tmut           12%        N/A       7%          2
 Sublimation of Blood     Necr           3%         N/A       11%         2
 Call Canine Familiar     Summ           6%         N/A       21%         3
 Portal Projectile        Hex/Tloc       12%        N/A       21%         3
 Leda's Liquefaction      Hex/Erth       3%         N/A       56%         4
 Bolt of Magma            Conj/Fire/Erth 6%         4d6       77%         5
 Ozocubu's Refrigeration  Ice            7%         4d6       100%        7
 Summon Hydra             Summ           3%         N/A       100%        7


Dungeon Overview and Level Annotations

Branches:
Dungeon (9/15)             Temple (1/1) D:5             Orc (0/2) D:9
  Sewer (visited)
   Lair: D:8-11

Altars:
Ashenzari
Cheibriados
Dithmenos
Elyvilon
Fedhas
Gozag
Hepliaklqana
Kikubaaqudgha
Makhleb
Nemelex Xobeh
Okawaru
Qazlal
Ru
Sif Muna
Trog
Uskayaw
Vehumet
Wu Jian
Xom
Yredelemnul
Zin
The Shining One

Shops:
D:3 *   D:4 (   D:8 !


Innate Abilities, Weirdness & Mutations

You cannot wear most types of armour.
You are amphibious.
You can wear up to eight rings at the same time.
Your skin changes colour to match your surroundings (Stealth+).
Your rubbery body absorbs attacks. (AC +1, EV +1)
You are missing an eye, making it more difficult to aim.
((You are camouflaged near water. (Stealth+)))
You have tentacles for arms and can constrict up to eight enemies at once.


Message History

The centaur shoots an arrow.
The arrow closely misses you.
Unknown command.
The orc is poisoned.
The orc looks even sicker.
The centaur looks even sicker.
Your toxic aura wanes.
You kill the orc!
The centaur shoots an arrow.
The arrow barely misses you.
The centaur shoots an arrow.
The arrow hits you!
You reach to attack!
You barely miss the centaur.
The centaur is moderately wounded.
The centaur shoots an arrow.
The arrow hits you!
You reach to attack!
You hit the centaur.
The centaur is severely wounded.
The centaur shoots an arrow.
The arrow hits you!
The centaur shoots an arrow.
The arrow closely misses you. The wight closely misses you.
The centaur shoots an arrow.
The arrow hits you.
Casting: Olgreb's Toxic Radiance (dangerous; 1% risk of failure)
Confirm with . or Enter, or press ? or * to list all spells.
You ignite the poison in your surroundings!
The orc seems to burn from within!
You kill the orc!
The centaur seems to burn from within!!
You kill the centaur!
Reach: y) +11 trident of Satyriasis {speed, rPois rN+ Int+4 Dex+4}
Press: ? - help, Dir - move target, f - wight
Aim: a wight, wielding a +4 trident of freezing and wearing a +0 robe (about 36% to evade the +11 trident of Satyriasis)
You reach to attack!
You barely miss the wight.
The wight hits you from afar with a +4 trident of freezing!
The wight freezes you.
Reach: y) +11 trident of Satyriasis {speed, rPois rN+ Int+4 Dex+4}
Press: ? - help, Dir - move target, f/p - wight
Aim: a wight, wielding a +4 trident of freezing and wearing a +0 robe (about 36% to evade the +11 trident of Satyriasis)
You reach to attack!
You puncture the wight!
The wight is heavily damaged.
The wight hits you from afar with a +4 trident of freezing!
* * * LOW HITPOINT WARNING * * *
The wight freezes you.
* * * LOW HITPOINT WARNING * * *
The wight hits you from afar with a +4 trident of freezing!
You die...

####### ##### #.....# .....#
#....!# ......#######.....#
z.8.............<.#
........).......@.# ..
.Z...#........z...# ...
...###............#######...
. ........)...............8.
........))......)........8.
...............§..§.......8
...............§§§.........
..o........§§.PP§PP.#####..
...............≈§≈..#


You could see a wight.

Vanquished Creatures
  4 vampire mosquitoes (D:7)
  Duvessa (D:5)
  3 orc warriors
  A sky beast (D:4)
  3 necrophages
  A hornet zombie (D:6)
  2 ice beasts
  2 black bears
  3 centaurs
  6 kobold brigands (Sewer)
  A bullfrog (D:8)
  A water moccasin zombie (D:6)
  Dowan (D:5)
  A water moccasin skeleton (D:5)
  3 wights (D:8)
  5 centaur zombies
  2 jellies
  6 orc priests
  4 centaur skeletons
  5 hounds
  3 bullfrog skeletons
  2 iguanas
  Natasha (thrice) (D:2)
  3 orc wizards
  A killer bee zombie (D:8)
  A hound zombie (D:5)
  A hound skeleton (D:4)
  A howler monkey skeleton (D:4)
  A howler monkey zombie (D:9)
  10 gnolls
  7 adders
  2 river rats (Sewer)
  A shadow imp (D:8)
  2 white imps
  An adder skeleton (D:4)
  8 worms
  2 dart slugs
  23 orcs
  6 ball pythons
  7 endoplasms
  3 giant cockroaches
  5 hobgoblins
  2 jackals (D:1)
  8 kobolds
  3 quokkas
  7 bats
  2 frilled lizards (D:1)
  7 goblins
  14 rats
191 creatures vanquished.

Notes
Turn   | Place    | Note
-------+----------+-------------------------------------------
     0 | D:1      | DearestLeader the Octopode Venom Mage began the quest for
                  | the Orb.
     0 | D:1      | Reached XP level 1. HP: 11/11 MP: 3/3
    75 | D:1      | You fall into a shaft and drop 1 floor!
    75 | D:2      | Noticed Natasha
    83 | D:2      | Killed Natasha
    84 | D:2      | Reached skill level 4 in Poison Magic
    84 | D:2      | Reached XP level 2. HP: 17/17 MP: 0/5
    84 | D:2      | Reached XP level 3. HP: 21/21 MP: 0/6
    91 | D:2      | Noticed Natasha
   398 | D:1      | Learned a level 3 spell: Mephitic Cloud
   890 | D:1      | Reached skill level 5 in Poison Magic
  1309 | D:1      | Found a faded altar of an unknown god.
  1447 | D:1      | Reached XP level 4. HP: 26/27 MP: 5/7
  1998 | D:2      | Killed Natasha
  2299 | D:2      | Noticed a black bear
  2520 | D:2      | Noticed Natasha
  2524 | D:2      | Killed Natasha
  2525 | D:2      | Reached XP level 5. HP: 31/31 MP: 5/8
  2527 | D:2      | Killed a black bear
  2528 | D:2      | Reached skill level 6 in Poison Magic
  2640 | D:3      | Found Xyguyffa's Assorted Antiques.
  2647 | D:3      | Bought a glass ring for 115 gold pieces
  2660 | D:3      | Reached skill level 5 in Stealth
  2990 | D:3      | Learned a level 4 spell: Olgreb's Toxic Radiance
  3192 | D:3      | Reached XP level 6. HP: 36/36 MP: 6/9
  3456 | D:3      | Upgraded the game from 0.27.1-3-gb3d3a73c9e to
                  | 0.27.1-4-g1640c2035a
  3725 | D:4      | Reached skill level 1 in Conjurations
  3990 | D:4      | HP: 1/36 [poisoned by an adder]
  4064 | D:4      | Reached skill level 7 in Poison Magic
  4190 | D:4      | Reached XP level 7. HP: 36/41 MP: 2/10
  4297 | D:4      | Found Ramiluz's Weapon Shoppe.
  4903 | D:5      | Entered Level 5 of the Dungeon
  4941 | D:5      | Found a glowing drain.
  5002 | Sewer    | Entered a sewer
  5049 | Sewer    | Reached skill level 1 in Fighting
  5206 | Sewer    | Reached skill level 8 in Poison Magic
  5208 | Sewer    | Reached XP level 8. HP: 33/51 MP: 4/11
  6027 | D:4      | Learned a level 3 spell: Ignite Poison
  6296 | D:5      | Reached skill level 1 in Short Blades
  6460 | D:5      | Found a staircase to the Ecumenical Temple.
  6579 | D:6      | Reached skill level 9 in Poison Magic
  6900 | Temple   | Entered the Ecumenical Temple
  7570 | Temple   | Became a worshipper of Ru the Awakened
  7872 | D:6      | Reached XP level 9. HP: 59/59 MP: 13/13
  8025 | D:3      | Bought a crystal trident for 195 gold pieces
  8025 | D:3      | Identified the +11 trident of Satyriasis {speed, rPois rN+
                  | Int+4 Dex+4} (You bought it in a shop on level 3 of the
                  | Dungeon)
  8128 | D:6      | Noticed Duvessa
  8128 | D:6      | Noticed Dowan
  8143 | D:5      | Killed Dowan
  8147 | D:5      | Killed Duvessa
  8148 | D:5      | Reached skill level 1 in Polearms
  8518 | D:6      | Identified the +1 robe of Valiance {rC+}
  8883 | D:7      | Reached skill level 5 in Fighting
  8883 | D:7      | Reached skill level 5 in Dodging
  8900 | D:7      | Reached skill level 10 in Poison Magic
  9177 | D:8      | Gained mutation: You are missing an eye, making it more
                  | difficult to aim. [Ru sacrifice]
  9203 | D:8      | Found a snail-covered altar of Cheibriados.
  9288 | D:8      | Found Bielacy's Distillery.
  9293 | D:8      | Bought a potion of heal wounds for 70 gold pieces
  9469 | D:8      | Reached XP level 10. HP: 66/66 MP: 9/16
  9803 | D:8      | Learned a level 3 spell: Ozocubu's Armour
  9898 | D:9      | Found a staircase to the Orcish Mines.
  9969 | D:9      | Reached skill level 1 in Ice Magic
 10061 | D:9      | Slain by a wight

Illustrated notes

Levels and vault maps discovered:
D:1:      sevenhm_arrival_forest_fort_large_4, layout_basic,
          hellmonk_ecumenical_altar_zigzags, minmay_tripent
D:2:      layout_rooms, chequers_serial_rivers_room_a, minivault_5, uniq_natasha
D:3:      layout_basic, serial_shops, nicolae_shop_overgrown_old_shop
D:4:      layout_layer_cave, serial_shops, shop_coins, minmay_pentomino_pile
D:5:      layout_rooms, minmay_temple_entry_from_below_a, portal_sewer_entry_c
D:6:      layout_loops_corners, uniq_duvessa
D:7:      layout_basic, serial_bayou_pond_a, minmay_misc_feat_secret_circle,
          hangedman_decor_slide_cut
D:8:      cheibrodos_helix_gallery, layout_basic, kennysheep_mini_moat,
          serial_shops, shop
D:9:      due_megacathedral, layout_irregular_city, hiddenorc2_lemuel,
          serial_undead, serial_undead_e, serial_undead_e, serial_undead_e,
          serial_undead_e, serial_undead_c, serial_undead_b, serial_undead_f,
          serial_undead_d, serial_undead_d, serial_undead_d, uniq_harold
Temple:   nicolae_temple_the_god_donut

Skill      XL: |  1  2  3  4  5  6  7  8  9 10 |
---------------+-------------------------------+-----
Stealth        | 3 4 5 6 |  6.8
Poison Magic   | 4 5 6 7 8 9 10 | 10.8
Dodging        | 3 4 5 |  5.5
Conjurations   | 1 2 3 |  3.2
Fighting       | 2 4 5 |  5.0
Short Blades   | 1 |  1.7
Spellcasting   | 3 4 |  4.3
Polearms       | 4 |  4.6
Ice Magic      | 1 |  1.4
Transmutations | |  1.0

Action                   |  1- 3 |  4- 6 |  7- 9 | 10-12 || total
-------------------------+-------+-------+-------+-------++-------
Melee: Dagger            |    16 |    69 |   200 |       ||   285
       Unarmed           |    13 |       |       |       ||    13
       Constrict         |     6 |    13 |    42 |     5 ||    66
       Tentacles         |     5 |    11 |    63 |     6 ||    85
       Trident           |       |       |    72 |    59 ||   131
Throw: Dart              |       |       |     1 |       ||     1
 Cast: Sting             |    27 |    61 |    10 |       ||    98
       Olgreb's Toxic Ra |       |     5 |    12 |     5 ||    22
       Ignite Poison     |       |       |       |     3 ||     3
Invok: Sacrifice an Eye  |       |       |     1 |       ||     1
  Use: Scroll            |       |     1 |     9 |       ||    10
       Potion            |       |     7 |     1 |       ||     8
 Stab: Sleeping          |       |    10 |    27 |     3 ||    40
       Distracted        |       |       |     2 |     4 ||     6
Armor: Skin              |     5 |    25 |    13 |     2 ||    45
Dodge: Dodged            |    26 |    50 |   189 |    27 ||   292
